 Dungeon Crawl Stone Soup version 0.23-a0-143-g1adec7b (webtiles) character file.

46 galech the Chopper (level 3, -2/29 HPs)
             Began as a Demonspawn Monk on Sept 3, 2018.
             Hit by a goblin thrown by Robin (3 damage)
             ... on level 2 of the Dungeon.
             The game lasted 00:01:10 (1238 turns).

galech the Chopper (Demonspawn Monk)                Turns: 1238, Time: 00:01:10

Health: -2/29      AC:  4    Str: 11    XL:     3   Next: 44%
Magic:  3/3        EV: 13    Int: 11    God:
Gold:   92         SH:  0    Dex: 16    Spells: 2/2 levels left

rFire    . . .     SeeInvis .   a - +0 hand axe
rCold    . . .     Gourm    .   (no shield)
rNeg     . . .     Faith    .   b - +0 robe
rPois    +         Spirit   .   (no helmet)
rElec    .         Reflect  .   (no cloak)
rCorr    .         Harm     .   (no gloves)
MR       .....                  (no boots)
Stlth    ++........             (no amulet)
HPRegen  0.09/turn              e - ring of poison resistance
MPRegen  0.08/turn              (no ring)

@: no status effects
A: thin metallic scales 1
a: no special abilities


You were on level 2 of the Dungeon.
You were not hungry.

You visited 1 branch of the dungeon, and saw 2 of its levels.

You collected 92 gold pieces.

Inventory:

Hand Weapons
 a - a +0 hand axe (weapon)
Armour
 b - a +0 robe (worn)
Jewellery
 e - a ring of poison resistance (left hand)
Scrolls
 d - 4 scrolls of amnesia {unknown}
 g - a scroll of blinking {unknown}
 j - 3 scrolls of identify {unknown}
 k - a scroll of enchant armour {unknown}
 l - a scroll of random uselessness {unknown}
 n - a scroll of remove curse {unknown}
Potions
 h - a potion of berserk rage {unknown}
 i - 2 potions of lignification {unknown}
 m - a potion of brilliance {unknown}
Comestibles
 c - 4 rations


   Skills:
 + Level 3.3 Fighting
 + Level 3.4 Axes
 + Level 2.9 Dodging
 + Level 2.2 Stealth


You had 2 spell levels left.
You didn't know any spells.
Your spell library was empty.

Dungeon Overview and Level Annotations

Branches:
Dungeon (2/15)

Altars:
Ru

Annotations:
D:2 Robin


Innate Abilities, Weirdness & Mutations

You are partially covered in thin metallic scales. (AC +2)


Message History

Robin roars a battlecry!
The goblin goes into a battle-frenzy!
You closely miss the goblin. You hit the hobgoblin.
The goblin completely misses you. The hobgoblin barely misses you.
The goblin misses you.
You hit the goblin but do no damage. You hit the hobgoblin.
You hit the hobgoblin but do no damage. The hobgoblin barely misses you.
The hobgoblin closely misses you. The goblin hits you with a club.
* * * LOW HITPOINT WARNING * * *
Unknown command.
You hit the goblin.
You kill the goblin!
You barely miss the hobgoblin. x2
The hobgoblin no longer looks unusually strong.
The goblin no longer looks unusually strong.
The hobgoblin hits you with a club.
* * * LOW HITPOINT WARNING * * *
The hobgoblin misses you. Robin throws the goblin at you!
You die...

#.## #.#.#.#### #.
#.#...# #.#####.###.#
# #...........# ##%
#######.##### ...# #.#
.g. #.# ####g####
##########.#
#..?.)g.###gg@g......#
#....).).g..##########
......>...####
##..#...!.# #. ####..#
#..# ...# ###.# #..


You could see Robin, 2 hobgoblins and a goblin.

Vanquished Creatures
  An adder (D:2)
  A dart slug (D:1)
  A leopard gecko (D:1)
  4 bats
  3 hobgoblins (D:1)
  2 kobolds
  A frilled lizard (D:1)
  14 goblins
  4 rats
31 creatures vanquished.

Notes
Turn   | Place    | Note
-------+----------+-------------------------------------------
     0 | D:1      | galech the Demonspawn Monk began the quest for the Orb.
     0 | D:1      | Reached XP level 1. HP: 18/18 MP: 1/1
   226 | D:1      | Gained mutation: You are partially covered in thin metallic
                  | scales. (AC +2) [demonic ancestry]
   226 | D:1      | Reached XP level 2. HP: 10/24 MP: 2/2
  1015 | D:2      | Found a sacrificial altar of Ru.
  1219 | D:2      | Noticed Robin
  1223 | D:2      | Reached XP level 3. HP: 23/29 MP: 3/3
  1237 | D:2      | HP: 1/29 [hobgoblin/club[Robin] (1)]
  1238 | D:2      | Hit by a goblin thrown by Robin

Vault maps used:
D:1:      dpeg_arrival_simpleton_c
D:2:      chequers_ecumenical_altar_simple_redux, nicolae_ru_awakened_eye,
          uniq_robin, uniq_sigmund, uniq_crazy_yiuf_cottage

Skill      XL: |  1  2 |
---------------+-------+-----
Axes           | 3 |  3.4
Stealth        | 2 |  2.2
Fighting       | |  3.3
Dodging        | |  2.9

Action                   || total
-------------------------++-------
Melee: Hand axe          ||    77
 Stab: Sleeping          ||     6
  Eat: Chunk             ||     1
Armor: Robe              ||    21
Dodge: Dodged            ||    59

Table legend:
 A = Non-vault XP
 B = Vault XP
 C = Vault XP percentage of total XP
 D = Non-vault monster count
 E = Vault monster count
 F = Vault count percentage of total count
                 A         B        C        D         E       F
            +---------+---------+-------+---------+---------+-------
      Total |      50 |      16 |  24.2 |      22 |       9 |  29.0
            +---------+---------+-------+---------+---------+-------
        D:1 |      29 |       0 |   0.0 |      16 |       0 |   0.0
        D:2 |      21 |      16 |  43.2 |       6 |       9 |  60.0
            +---------+---------+-------+---------+---------+-------
